 Dungeon Crawl Stone Soup version 0.32-a0-22-g6ae6769602 (webtiles) character file.

Game seed: 274843567084615085

1764 croobank the Scholar of Death (level 9, -1/66 HPs)
             Began as a Human Necromancer on Jan 18, 2024.
             Was a Follower of Kikubaaqudgha.
             Killed from afar by an orc wizard (4 damage)
             ... with a magic dart
             ... on level 6 of the Dungeon.
             The game lasted 00:22:38 (7302 turns).

croobank the Scholar of Death (Human Necromancer)   Turns: 7302, Time: 00:22:39

Health: -1/66      AC:  4    Str:  9    XL:     9   Next: 7%
Magic:  13/16      EV: 13    Int: 23    God:    Kikubaaqudgha [*.....]
Gold:   202        SH:  0    Dex: 12    Spells: 9/17 levels left

rFire   . . .        q - staff of death
rCold   . . .        (no shield)
rNeg    + . .        k - +0 leather armour
rPois   .            (helmet restricted)
rElec   .            (no cloak)
rCorr   .            (no gloves)
SInv    .            i - +2 pair of boots
Will    .....        (no amulet)
Stlth   +++          (no ring)
HPRegen 0.31/turn    (no ring)
MPRegen 0.15/turn

%: no passive effects
@: fugue, animating dead
A: explore regen, antennae 1, clever 1, deformed body
a: Renounce Religion, Unearth Wretches


You were on level 6 of the Dungeon.
You worshipped Kikubaaqudgha.
Kikubaaqudgha was aware of your devotion.
You visited 2 branches of the dungeon, and saw 7 of its levels.

You collected 202 gold pieces.

Inventory:

Hand Weapons
 d - a +0 dagger
 j - a +0 long sword of protection
 l - a +1 whip of electrocution
 s - the +2 quarterstaff of the Pits of Slime {antimagic, rCorr Dex+3}
   (You found it on level 3 of the Dungeon)

   Dex+3:     It affects your dexterity (+3).
   rCorr:     It protects you from acid and corrosion.
Missiles
 e - 3 poisoned darts
 p - 2 boomerangs
Armour
 a - a +0 robe
 h - a +0 buckler
 i - a +2 pair of boots (worn)
 k - a +0 leather armour (worn)
Magical Staves
 q - a staff of death (weapon)
Jewellery
 r - an amulet of guardian spirit
Wands
 t - a wand of roots (8)
 u - a wand of flame (21)
Scrolls
 c - a scroll of revelation
 w - a scroll of teleportation
Potions
 b - a potion of magic
 f - 2 potions of cancellation
 g - 2 potions of attraction
 m - 3 potions of lignification
 o - a potion of enlightenment
 v - 2 potions of heal wounds {unknown}


   Skills:
 + Level 4.7 Fighting
 + Level 5.2 Dodging
 + Level 5.6 Stealth
 + Level 4.8 Spellcasting
 * Level 6.9 Necromancy


You had 9 spell levels left.
You knew the following spells:

 Your Spells              Type           Power      Damage    Failure   Level
a - Necrotise             Necr           100%       1d9       1%          1
b - Fugue of the Fallen   Necr           54%        N/A       2%          3
A - Animate Dead          Necr           54%        N/A       8%          4

Your spell library contained the following spells:

 Spells                   Type           Power      Damage    Failure   Level
 Sublimation of Blood     Necr           54%        N/A       1%          2
 Vampiric Draining        Necr           54%        2d9       2%          3
 Kiss of Death            Conj/Necr      100%       2d13      3%          1
 Freeze                   Ice            20%        1d4       14%         1
 Lesser Beckoning         Tloc           10%        N/A       21%         2
 Curse of Agony           Necr           54%        N/A       22%         5
 Frozen Ramparts          Ice            10%        1d2       38%         3
 Gell's Gravitas          Tloc           5%         N/A       38%         3
 Hailstorm                Conj/Ice       5%         3d5       38%         3
 Teleport Other           Tloc           5%         N/A       38%         3


Dungeon Overview and Level Annotations

Branches:
Dungeon (6/15)             Temple (1/1) D:4

Altars:
Ashenzari
Fedhas
Gozag
Hepliaklqana
Kikubaaqudgha
Makhleb
Nemelex Xobeh
Okawaru
Qazlal
Ru
Trog
Uskayaw
Vehumet
Wu Jian
Xom
Yredelemnul
Zin
The Shining One

Shops:
D:1 [   D:3 (((((

Annotations:
D:3 Sigmund
D:4 2 transporters


Innate Abilities, Weirdness & Mutations

You regain HP and MP as you explore.
You have a pair of small antennae on your head.
Your mind is acute. (Int +4, Str/Dex -1)
Armour fits poorly on your strangely shaped body.


Message History

Something tries to affect you, but you resist.
You miss something. The ice beast hits you. The ice beast freezes you!
Something hits you but does no damage. Something barely misses you.
The ice beast hits you. The ice beast freezes you!
* * * LOW HITPOINT WARNING * * *
You barely miss the ice beast. Something hits you but does no damage.
The ice beast hits you but does no damage.
You hit the ice beast but do no damage. Something completely misses you.
The ice beast hits you but does no damage.
You hit the ice beast.
The ice beast is lightly wounded.
The ice beast closely misses you. Something hits you but does no damage.
You completely miss the ice beast.
The ice beast is lightly wounded.
The ice beast misses you. Something hits you.
* * * LOW HITPOINT WARNING * * *
Okay, then.
Casting: Animate Dead (dangerous; 10% risk of failure)
Confirm with . or Enter, or press ? or * to list all spells.
Aiming: Necrotise (safe; 1% risk of failure)
Press: ? - help, Shift-Dir - straight line, f - ice beast
Aim: an ice beast (lightly wounded, chance to affect: 83%)
You feel a surge of power!
The ice beast barely resists.
The wailing of tortured souls fills the air!
Something hits you.
* * * LOW HITPOINT WARNING * * *
The ice beast hits you.
* * * LOW HITPOINT WARNING * * *
The ice beast freezes you!
* * * LOW HITPOINT WARNING * * *
Okay, then.
It was a potion of mutation.
You feel extremely strange.
Your body twists and deforms.
You feel clever. A pair of antennae grows on your head!
The ice beast barely misses you.
You hear some strange, mumbled words.
A magic dart appears from out of thin air!
The magic dart hits you.
You die...
Kikubaaqudgha rasps: "You have failed me!
Welcome... death!"

#......#
#......##
#.......
#......#
#....).#
###......#
#........#
#....@..#####.
###.{Y........
##).........
#.....#....
##....# ...
#...## #.
......
........
#........


You could see an ice beast.

Vanquished Creatures
  Pikel (D:4)
  Grinder (D:4)
  Menkaure (D:4)
  2 ogres (D:5)
  A centaur (D:5)
  A phantom (D:5)
  3 lemures (D:4)
  A kobold brigand (D:5)
  3 scorpions
  A vampire bat (D:5)
  A gnoll bouda (D:5)
  A jelly (D:2)
  Jessica (D:3)
  Ijyb (D:4)
  2 iguanas (D:5)
  4 adders
  A gnoll (D:5)
  A dart slug (D:1)
  3 fire bats (D:5)
  3 ribbon worms
  3 orcs
  2 spectral bats (D:5)
  14 bats
  3 bat skeletons (D:5)
  A bat zombie (D:5)
  9 endoplasms
  2 giant cockroaches (D:1)
  6 goblins
  4 hobgoblins
  5 jackals (D:4)
  3 quokkas (D:2)
  4 ball pythons
  A bat simulacrum (D:5)
  4 frilled lizards
  9 kobolds
  6 rats
109 creatures vanquished.

Vanquished Creatures (collateral kills)
  2 gnolls (D:5)
  A kobold (D:5)
3 creatures vanquished.

Vanquished Creatures (others)
  An iguana zombie (D:5)
  A gnoll zombie (D:5)
  2 orc zombies
4 creatures vanquished.

Grand Total: 116 creatures vanquished

Notes
Turn   | Place    | Note
-------+----------+-------------------------------------------
     0 | D:1      | croobank the Human Necromancer began the quest for the Orb.
     0 | D:1      | Reached XP level 1. HP: 13/13 MP: 3/3
   267 | D:1      | Reached XP level 2. HP: 20/20 MP: 1/5
   595 | D:1      | Found Goceg's Armour Shoppe.
  1146 | D:2      | Reached skill level 1 in Fighting
  1146 | D:2      | Reached XP level 3. HP: 16/26 MP: 1/6
  1458 | D:2      | Reached XP level 4. HP: 19/32 MP: 0/7
  2483 | D:3      | Found a faded altar of an unknown god.
  2491 | D:3      | Identified the +2 quarterstaff of the Pits of Slime
                  | {antimagic, rCorr Dex+3}
  2585 | D:3      | Found Idepreeck's Weapon Emporium.
  2593 | D:3      | Noticed Jessica
  2597 | D:3      | Killed Jessica
  2598 | D:3      | Reached XP level 5. HP: 31/38 MP: 3/9
  2692 | D:3      | Found Jigicot's Antique Weapon Boutique.
  2708 | D:3      | Noticed Sigmund
  2982 | D:3      | Found Keffeega's Antique Weapon Boutique.
  3016 | D:3      | Found Zoemes's Weapon Shoppe.
  3051 | D:3      | Found Winoep's Weapon Shop.
  3125 | D:4      | Noticed Grinder
  3134 | D:4      | Paralysed by Grinder for 3 turns
  3139 | D:4      | HP: 1/38 [Grinder (2)]
  3145 | D:4      | Killed Grinder
  3146 | D:4      | Reached XP level 6. HP: 10/46 MP: 3/10
  3302 | D:4      | Reached skill level 5 in Necromancy
  3524 | D:4      | Found a staircase to the Ecumenical Temple.
  3525 | D:4      | Noticed Menkaure
  3543 | D:4      | Killed Menkaure
  3544 | D:4      | Reached XP level 7. HP: 33/52 MP: 4/12
  3619 | Temple   | Entered the Ecumenical Temple
  3664 | D:4      | Noticed Ijyb
  3675 | D:4      | Killed Ijyb
  3851 | D:4      | Found a blossoming altar of Fedhas.
  3852 | D:4      | Noticed a steam dragon
  3855 | D:4      | Found a transporter.
  3866 | D:4      | Found a transporter.
  4133 | D:4      | Found an ancient bone altar of Kikubaaqudgha.
  4136 | D:4      | Became a worshipper of Kikubaaqudgha
  4144 | D:4      | Noticed Pikel
  4181 | D:4      | Killed Pikel
  4182 | D:4      | Reached XP level 8. HP: 9/60 MP: 12/14
  4542 | D:5      | Entered Level 5 of the Dungeon
  4581 | D:5      | Reached skill level 5 in Stealth
  4636 | D:5      | Reached skill level 6 in Necromancy
  5051 | D:5      | Reached * piety under Kikubaaqudgha
  5051 | D:5      | Received a gift from Kikubaaqudgha
  5067 | D:5      | Learned a level 3 spell: Fugue of the Fallen
  5225 | D:5      | Reached skill level 5 in Dodging
  6422 | D:5      | Found an iron altar of Okawaru.
  6451 | D:5      | Learned a level 4 spell: Animate Dead
  6497 | D:5      | Reached XP level 9. HP: 35/66 MP: 16/16
  7301 | D:6      | HP: 3/66 [ice beast (9)]
  7302 | D:6      | Gained mutation: Armour fits poorly on your strangely
                  | shaped body. [potion of mutation]
  7302 | D:6      | Gained mutation: Your mind is acute. (Int +4, Str/Dex -1)
                  | [potion of mutation]
  7302 | D:6      | Gained mutation: You have a pair of small antennae on your
                  | head. [potion of mutation]
  7302 | D:6      | Killed from afar by an orc wizard

Illustrated notes

Levels and vault maps discovered:
D:1:      co_arrival_square_in_a_square_in_a_square, layout_loops_cross,
          serial_shops, shop, minmay_hedge_maze, minivault_26,
          minmay_misc_feat_x
D:2:      minmay_wonky_spiral, layout_basic
D:3:      layout_loops_ring, shapermc_ecumenical_altar_mp_ritualfount,
          serial_shops, shop, nicolae_shop_hallway_plus, shop, shop,
          nicolae_shop_tiny_real_fake_doors, uniq_sigmund, uniq_jessica
D:4:      layout_basic, gammafunk_temple_overflow_arena, kennysheep_mini_moat,
          minmay_temple_entry_mini_moons, uniq_ijyb, uniq_menkaure,
          uniq_grinder, uniq_pikel
D:5:      layout_gridville, okawaru_ov_weapons_minmay, goddamned_bats
D:6:      kennysheep_kobold_camp, layout_cave_pools,
          mainiacjoe_overflow_small_starburst, cheibrodos_worm_habitat
Temple:   nicolae_temple_bog_church

Skill      XL: |  1  2  3  4  5  6  7  8 |
---------------+-------------------------+-----
Fighting       | 1 2 3 4 |  4.7
Stealth        | 3 4 5 |  5.6
Dodging        | 3 4 5 |  5.2
Spellcasting   | 3 4 |  4.8
Necromancy     | 5 6 |  6.9

Action                     |  1- 3 |  4- 6 |  7- 9 || total
---------------------------+-------+-------+-------++-------
  Melee: Dagger            |     8 |     4 |    38 ||    50
         Quarterstaff      |       |    36 |    34 ||    70
         Whip              |       |       |   122 ||   122
         Staff             |       |       |    24 ||    24
         Punch             |       |       |     2 ||     2
   Cast: Necrotise         |    59 |    43 |    39 ||   141
         Fugue of the Fall |       |       |     5 ||     5
         Animate Dead      |       |       |     2 ||     2
  Evoke: Wand              |       |       |     8 ||     8
    Use: Scroll            |     3 |     6 |     6 ||    15
         Potion            |     1 |     2 |     2 ||     5
   Stab: Sleeping          |       |     2 |     6 ||     8
 Armour: Leather armour    |    15 |    27 |   236 ||   278
  Dodge: Dodged            |     9 |    29 |   251 ||   289

Table legend: (Time is in decaauts)
 A = Elapsed time spent in this place.
 B = Non-inter-level travel time spent in this place.
 C = Inter-level travel time spent in this place.
 D = Time resting spent in this place.
 E = Time spent auto-exploring this place.
 F = Levels seen in this place.
 G = Mean time per level.
                   A        B        C        D        E       F      G
               +--------+--------+--------+--------+--------+-----+--------+
         Total |   7334 |   7237 |     97 |   2681 |   3340 |   7 | 1047.7 |
       Dungeon |   7333 |   7237 |     96 |   2681 |   3340 |   6 | 1222.2 |
        Temple |      1 |      0 |      1 |      0 |      0 |   1 |    1.0 |
               +--------+--------+--------+--------+--------+-----+--------+

Top non-repeatable levels by time:
     D:5: 2739 daAuts
     D:4: 1442 daAuts
     D:2: 1435 daAuts
     D:1: 955 daAuts
     D:3: 714 daAuts
     D:6: 45 daAuts
  Temple: 1 daAuts
